Map: Disco Bloodbath LE

Players

DisK

  • Race: Protoss Protoss
  • Spawn Location: 9:00

Bioice - Winner!

  • Race: Zerg Zerg
  • Spawn Location: 3:00

VOD

Have the link to the VOD?

Description

Time

  • Played on: Sept. 6, 2019, 12:54 p.m.
  • Length: 9:57
Show
View Real Time Build Order
Export as new Build Order

DisK Protoss 

Build Orders: 1 Gate Expand, Oracle Opening, Phoenix Opening, Zealot Archon, Archon Drop 

Get SALT Encoding   

  12  0:00  Probe  
  13  0:12  Probe  
  14  0:20  Pylon  
  14  0:24  Probe  
  15  0:34  Probe  
  15  0:41  Gateway  
  16  0:43  Probe  
  16  0:48  Assimilator  
  17  0:52  Probe  
  18  1:04  Probe  
  19  1:16  Probe  
  20  1:26  Nexus  
  20  1:33  Cybernetics Core  
  20  1:36  Probe  
  21  1:42  Assimilator  
  21  1:48  Pylon  
  21  1:51  Probe  
  22  2:01  Adept  
  22  2:03  Probe  
  25  2:15  Probe  
  25  2:19  Stargate  
  26  2:27  Probe  
  26  2:29  Warp Gate  
  27  2:31  Adept  
  27  2:35  Probe  
  27  2:36  Probe  
  29  2:43  Probe  
  31  2:44  Probe  
  33  2:53  Probe  
  33  2:55  Gateway, Probe  
  35  3:04  Phoenix  
  35  3:06  Probe  
  35  3:07  Probe  
  39  3:18  Probe  
  39  3:19  Probe  
  41  3:23  Oracle  
  41  3:24  Pylon  
  41  3:30  Probe  
  41  3:31  Probe  
  46  3:42  Probe  
  46  3:43  Probe, Assimilator  
  46  3:45  Robotics Facility  
  46  3:47  Assimilator  
  48  3:50  Pylon  
  48  3:54  Probe  
  48  3:55  Probe  
  50  3:59  Twilight Council  
  50  4:07  Probe x2  
  52  4:10  Gateway  
  52  4:11  Gateway  
  52  4:18  Pylon  
  52  4:19  Probe x2  
  54  4:25  Warp Prism  
  54  4:31  Probe x2  
  55  4:35  Templar Archives  
  58  4:43  Probe  
  59  4:46  Probe  
  59  4:50  Zealot  
  59  4:51  Zealot  
  64  4:55  Pylon, Probe  
  65  5:08  Nexus  
  65  5:10  Pylon  
  65  5:11  Pylon  
  65  5:21  Shield Battery  
  65  5:22  High Templar x3  
  65  5:23  High Templar  
  65  5:26  Gateway, Archon  
  65  5:27  Gateway  
  73  5:29  Archon  
  73  5:33  Pylon  
  73  5:34  Forge  
  73  5:36  Probe x2  
  73  5:37  Observer  
  76  5:48  Probe  
  76  5:49  Immortal  
  77  5:51  Charge  
  77  5:53  Shield Battery  
  77  5:54  Probe  
  78  5:57  Pylon  
  78  6:00  Probe  
  83  6:06  Probe  
  83  6:09  Zealot, Sentry x2  
  90  6:12  Probe  
  90  6:15  Psionic Storm  
  91  6:18  Probe  
  91  6:20  Probe  
  91  6:21  Assimilator  
  91  6:23  Assimilator  
  91  6:24  Probe  
  94  6:30  Probe  
  94  6:32  Shield Battery, Probe  
  96  6:33  Protoss Ground Weapons Level 1  
  96  6:36  Probe  
  96  6:39  Observer  
  97  6:43  Shield Battery, Probe  
  97  6:44  Probe  
  99  6:48  High Templar x2  
  103  6:54  Gateway x2  
  103  6:56  Pylon  
  103  6:57  Probe x2  
  103  6:58  Probe  
  106  7:03  Pylon  
  106  7:09  Probe x2  
  106  7:11  High Templar  
  106  7:13  Zealot x2  
  114  7:20  Probe  
  115  7:27  High Templar x2  
  123  7:30  Immortal  
  123  7:32  Archon  
  123  7:38  Pylon  
  122  7:59  Zealot x4  
  122  8:02  High Templar x3  
  130  8:06  Nexus  
  130  8:11  Stalker  
  126  8:17  Archon  
  122  8:25  Stalker x2  
  122  8:26  Stalker  
  122  8:27  Stalker  
  122  8:37  Zealot x2  
  118  8:43  Stalker x2  
  118  8:44  Stalker  
  115  8:50  Photon Cannon  
  115  8:51  Stalker x2  
  115  8:52  Photon Cannon  
  103  8:58  Stalker  
  99  9:03  Zealot x2  
  88  9:13  Zealot x2  
  88  9:14  Zealot  
  72  9:24  Zealot  
  72  9:25  Zealot x2  
  72  9:26  Stalker x2  
  76  9:33  Archon  
  76  9:35  Zealot  
Show
View Real Time Build Order
Export as new Build Order

Bioice Zerg - Winner!

Build Orders: Hatch First 

Get SALT Encoding   

  12  0:01  Drone  
  13  0:13  Overlord  
  13  0:17  Drone  
  14  0:33  Drone x2  
  16  0:48  Hatchery  
  15  0:51  Drone  
  15  0:56  Drone  
  17  0:59  Drone  
  18  1:05  Extractor  
  17  1:14  Spawning Pool  
  17  1:17  Drone  
  17  1:20  Drone  
  18  1:30  Drone  
  19  1:40  Drone  
  20  1:52  Drone  
  20  1:53  Hatchery  
  20  2:00  Drone  
  20  2:01  Drone  
  22  2:05  Queen  
  24  2:16  Queen  
  24  2:22  Overlord  
  26  2:25  Metabolic Boost  
  26  2:28  Zergling x2  
  27  2:30  Drone  
  28  2:40  Drone x3  
  28  2:44  Queen  
  31  2:50  Overlord  
  33  2:54  Zergling x4  
  33  2:56  Drone  
  36  3:04  Overlord  
  36  3:05  Drone  
  37  3:08  Queen  
  39  3:13  Drone x2  
  39  3:16  Drone  
  39  3:17  Drone  
  43  3:23  Drone x3  
  46  3:27  Overlord  
  46  3:31  Queen  
  48  3:35  Spore Crawler  
  48  3:39  Drone x3  
  50  3:44  Drone  
  50  3:45  Spore Crawler  
  50  3:47  Spore Crawler  
  49  3:56  Drone x3  
  49  3:57  Overlord  
  49  4:00  Overlord  
  52  4:04  Drone x3  
  52  4:09  Drone x3  
  58  4:18  Drone x3  
  58  4:23  Roach Warren  
  60  4:28  Overlord  
  60  4:29  Drone x3  
  63  4:35  Lair  
  63  4:36  Drone x3  
  63  4:37  Drone, Extractor x2  
  65  4:41  Spore Crawler  
  65  4:42  Drone x2  
  65  4:46  Overlord  
  65  4:51  Drone x3  
  69  4:54  Overlord, Extractor  
  67  5:04  Roach x3  
  67  5:06  Overlord x3  
  73  5:15  Extractor  
  73  5:17  Extractor, Roach x2  
  73  5:20  Roach x2  
  79  5:21  Drone x2  
  79  5:22  Drone x5  
  79  5:26  Drone  
  86  5:34  Zergling x4  
  88  5:36  Hatchery  
  88  5:39  Drone  
  88  5:43  Overlord  
  88  5:45  Zergling x2  
  88  5:47  Roach x3  
  95  5:57  Overlord  
  95  6:00  Spire, Drone x3  
  95  6:01  Drone  
  98  6:05  Drone  
  98  6:06  Drone x4  
  103  6:11  Infestation Pit  
  103  6:12  Extractor  
  103  6:14  Extractor  
  100  6:19  Overlord  
  100  6:22  Evolution Chamber, Roach  
  100  6:23  Roach x4  
  109  6:30  Overlord  
  109  6:41  Overlord  
  109  6:43  Overlord  
  109  6:53  Swarm Host  
  112  6:57  Spore Crawler  
  112  6:59  Zerg Melee Weapons Level 1  
  112  7:00  Drone  
  112  7:10  Glial Reconstitution  
  112  7:12  Mutalisk x9  
  112  7:13  Mutalisk  
  132  7:26  Zergling x2  
  132  7:27  Zergling x28  
  147  7:32  Overlord x3  
  147  7:36  Hive  
  147  7:39  Mutalisk  
  146  7:51  Mutalisk x2  
  146  7:52  Mutalisk x2  
  146  7:56  Mutalisk x3  
  159  8:00  Zergling x6  
  159  8:01  Zergling x2  
  159  8:04  Overlord  
  161  8:12  Roach x3  
  169  8:13  Roach x2  
  171  8:23  Roach x2  
  171  8:24  Roach x3  
  179  8:31  Mutalisk  
  179  8:32  Mutalisk x2  
  181  8:37  Mutalisk x3  
  185  8:45  Mutalisk x2  
  188  8:56  Mutalisk x2  
  190  9:07  Roach x6  
  180  9:24  Roach x9  
  180  9:25  Roach x2  
  180  9:30  Roach x2  
  192  9:33  Roach x2  
  192  9:38  Roach x2  
Tags
 
Add a new tag
Caveats
  • Supply blocks, unpowered buildings, or Contaminate may cause inaccurate times.
  • Supply counts are checked every 10 seconds.